cohdb
Replays
Latest Replays
All Replays
Popular Replays
Top Player Replays
Match Explorer
How It Works
Community
CoH3 Stats
Reddit
Sign in to upload your games and track your stats! →
Sign in with Steam
Match 45981996
Unlisted
Match 45981996
Overview
Messages
Build Orders
End
Royal Engineer Section
Construct Section Command Post
Selects Air and Sea Battlegroup
Infantry Section
Dingo Light Scout Car
Infantry Section
Construct Platoon Command Post
Unlock M3 Stuart Light Tanks
Selects Commando Section Paradrop
Selects Commando Support Section Paradrop
Commando Support Section Paradrop
Construct Field Infirmary
Infantry Training
Commando Section Paradrop
Construct Company Command Post
Crusader II Medium Tank
Grenade Package
Unlock M3 Grant Medium Tanks
M3 Grant Medium Tank
M3 Grant Medium Tank
Selects Anti-tank Rocket Loiter
Selects Supply Surplus
Selects UNKNOWN (223837)
Anti-tank Rocket Loiter
✠Kaiser✠ tushkan
Nostalgi@
0
0
Comments
sign in to comment!
No comments posted yet!